 Dungeon Sprint DCSS version 0.22-a0-469-gf26638a (webtiles) character file.

711 raistware the Covert (level 7, -2/33 HPs)
             Began as a Spriggan Assassin on June 12, 2018.
             Was a Believer of Makhleb.
             Slain by a hippogriff (6 damage)
             ... in the Dungeon (Sprint IX: "|||||||||||||||||||||||||||||").
             The game lasted 00:02:21 (221 turns).

raistware the Covert (Spriggan Assassin)             Turns: 221, Time: 00:02:23

Health: -2/33      AC:  5    Str:  7    XL:     7   Next: 40%
Magic:  8/8        EV: 28    Int: 13    God:    Makhleb [**....]
Gold:   0          SH:  0    Dex: 22    Spells: 6/6 levels left

rFire    . . .     SeeInvis +   q - +2 rapier (venom)
rCold    . . .     Gourm    .   (shield restricted)
rNeg     . . .     Faith    .   c - +0 robe
rPois    .         Spirit   .   (helmet restricted)
rElec    .         Reflect  .   d - +0 cloak
rCorr    .         Harm     .   (gloves unavailable)
MR       +....     NoTele   +   (boots unavailable)
Stlth    ++++++....             (no amulet)
HPRegen  0.11/turn              t - +3 ring of dexterity
MPRegen  0.11/turn              s - +2 ring of protection

@: lethally poisoned (-2 -> -9), very quick
A: very small, unfitting armour, see invisible, herbivore, speed 3, slow
metabolism 2
a: Minor Destruction, Renounce Religion


You were in the Dungeon.
You worshipped Makhleb.
Makhleb was pleased with you.
You were not hungry.

You visited 1 branch

Inventory:

Hand Weapons
 a - a +2 dagger
 b - a +0 blowgun
 q - a +2 rapier of venom (weapon)
 r - a +2 scimitar of holy wrath
Missiles
 e - 8 poisoned needles
 f - 2 curare-tipped needles
Armour
 c - a +0 robe (worn)
 d - a +0 cloak (worn)
Jewellery
 s - a +2 ring of protection (right hand)
 t - a +3 ring of dexterity (left hand)
Wands
 p - a wand of iceblast (10)
Scrolls
 m - 2 scrolls of blinking
 n - 3 scrolls of remove curse
 o - 2 scrolls of amnesia
Potions
 h - 5 potions of curing
 i - 3 potions of heal wounds
 j - a potion of haste
 k - 4 potions of magic
 l - a potion of invisibility
Comestibles
 g - a ration


   Skills:
 - Level 1.5 Fighting
 * Level 12.1 Short Blades
 + Level 5.4 Throwing
 * Level 10.3 Dodging
 + Level 13.1 Stealth


You had 6 spell levels left.
You didn't know any spells.
Your spell library was empty.

Dungeon Overview and Level Annotations

Branches:
Dungeon (1/1)

Altars:
Cheibriados
Dithmenos
Elyvilon
Fedhas
Gozag
Hepliaklqana
Kikubaaqudgha
Makhleb
Nemelex Xobeh
Okawaru
Qazlal
Ru
Sif Muna
Trog
Uskayaw
Vehumet
Wu Jian
Xom
Yredelemnul
Zin
The Shining One
Beogh
Jiyva
Lugonu


Innate Abilities, Weirdness & Mutations

You are very small and have problems with some larger weapons.
You are too small for most types of armour.
You have supernaturally acute eyesight. (SInv)
You are a herbivore.
You cover ground extremely quickly.
You need to consume almost no food.


Message History

The hippogriff is moderately wounded.
You feel sick. The hippogriff closely misses you. x3
You puncture the hippogriff!
The hippogriff looks as sick as possible!
The hippogriff is heavily wounded.
You hit the hippogriff.
The hippogriff looks as sick as possible!
The hippogriff is heavily wounded.
You feel sick. The hippogriff completely misses you. The hippogriff pecks you!
The hippogriff completely misses you.
You hit the hippogriff.
The hippogriff looks as sick as possible!
The hippogriff is severely wounded.
You puncture the hippogriff!
The hippogriff looks as sick as possible!
The hippogriff is almost dead.
The hippogriff bites you!
* * * LOW HITPOINT WARNING * * *
The hippogriff pecks you.
You die...

▓'▓
▓.▓
▓.▓
▓Z▓
▓.▓
▓.▓
▓Z▓
▓H▓
▓@▓
▓.▓
▓[▓
▓[▓
▓[▓
▓(▓
▓|▓
▓.▓
▓.▓


You could see a hippogriff, a leopard gecko zombie and a bat skeleton.

Vanquished Creatures
  An orb spider (shapeshifter) (D)
  A soldier ant (D)
  A centaur (D)
  A hound (D)
  2 worker ants (D)
  An adder (D)
  3 adder zombies (D)
  An orc (D)
  A goblin (D)
  A quokka (D)
  A bat (D)
  A frilled lizard (D)
  A leopard gecko zombie (D)
  2 rats (D)
18 creatures vanquished.

Vanquished Creatures (others)
  A bat zombie (D)
1 creature vanquished.

Grand Total: 19 creatures vanquished

Notes
Turn   | Place    | Note
-------+----------+-------------------------------------------
     0 | D        | raistware the Spriggan Assassin began the quest for the Orb.
     0 | D        | Reached XP level 1. HP: 10/10 MP: 2/2
     5 | D        | Reached skill level 6 in Stealth
    15 | D        | Noticed a hound
    25 | D        | Reached XP level 2. HP: 14/14 MP: 3/3
    28 | D        | Reached skill level 8 in Stealth
    28 | D        | Reached XP level 3. HP: 18/18 MP: 4/4
    42 | D        | Found a roughly hewn altar of Beogh.
    42 | D        | Found a snail-covered altar of Cheibriados.
    42 | D        | Found a shadowy altar of Dithmenos.
    42 | D        | Found a white marble altar of Elyvilon.
    42 | D        | Found a blossoming altar of Fedhas.
    42 | D        | Found an opulent altar of Gozag.
    43 | D        | Found a hazy altar of Hepliaklqana.
    44 | D        | Found a viscous altar of Jiyva.
    45 | D        | Found an ancient bone altar of Kikubaaqudgha.
    46 | D        | Found a corrupted altar of Lugonu.
    47 | D        | Found a burning altar of Makhleb.
    48 | D        | Found a sparkling altar of Nemelex Xobeh.
    49 | D        | Found an iron altar of Okawaru.
    50 | D        | Found a stormy altar of Qazlal.
    51 | D        | Found a sacrificial altar of Ru.
    52 | D        | Found a deep blue altar of Sif Muna.
    53 | D        | Found a bloodstained altar of Trog.
    54 | D        | Found a hide-covered altar of Uskayaw.
    55 | D        | Found a radiant altar of Vehumet.
    57 | D        | Became a worshipper of Makhleb the Destroyer
    59 | D        | Found an ornate altar of the Wu Jian Council.
    60 | D        | Found a shimmering altar of Xom.
    61 | D        | Found a basalt altar of Yredelemnul.
    62 | D        | Found a glowing silver altar of Zin.
    63 | D        | Found a glowing golden altar of the Shining One.
    91 | D        | Noticed a centaur
    94 | D        | Reached skill level 9 in Stealth
    94 | D        | Reached XP level 4. HP: 22/22 MP: 5/5
   102 | D        | Killed a centaur
   102 | D        | Reached skill level 10 in Stealth
   102 | D        | Reached XP level 5. HP: 25/25 MP: 6/6
   106 | D        | Reached * piety under Makhleb
   106 | D        | Reached skill level 11 in Stealth
   112 | D        | Reached ** piety under Makhleb
   144 | D        | Noticed a hippogriff
   144 | D        | Noticed a soldier ant
   144 | D        | Noticed an orb spider
   157 | D        | Killed an orb spider
   157 | D        | Reached skill level 5 in Throwing
   157 | D        | Reached skill level 12 in Stealth
   157 | D        | Reached XP level 6. HP: 25/30 MP: 7/7
   157 | D        | Reached XP level 7. HP: 28/33 MP: 8/8
   213 | D        | Reached skill level 10 in Dodging
   213 | D        | Reached skill level 13 in Stealth
   221 | D        | Slain by a hippogriff

Vault maps used:
D:        linesprint

Skill      XL: |  1  2  3  4  5  6  7 |
---------------+----------------------+-----
Stealth        | 6 8 9 10 12 13 | 13.1
Short Blades   | 4 6 7 9 11 12 | 12.1
Dodging        | 9 10 | 10.3
Throwing       | 5 |  5.4
Fighting       | |  1.5

Action                   |  1- 3 |  4- 6 |  7- 9 || total
-------------------------+-------+-------+-------++-------
Melee: Dagger            |    24 |       |       ||    24
       Rapier            |     3 |    29 |    18 ||    50
  Use: Potion            |     1 |       |       ||     1
 Stab: Sleeping          |     4 |       |       ||     4
Armor: Robe              |       |     6 |       ||     6
Dodge: Dodged            |    12 |    20 |    14 ||    46

Table legend:
 A = Spawn XP
 B = Non-spawn XP
 C = Spawn XP percentage of total XP
 D = Spawn monster count
 E = Non-spawn monster count
 F = Spawn count percentage of total count
 G = Total turns spent on level
                    A         B        C        D         E        F      G
               +---------+---------+-------+---------+---------+-------+---------
         Total |       0 |    1017 |   0.0 |       0 |      19 |   0.0 |   221
               +---------+---------+-------+---------+---------+-------+---------
             D |       0 |    1017 |   0.0 |       0 |      19 |   0.0 |   221
               +---------+---------+-------+---------+---------+-------+---------
